 Dungeon Crawl Stone Soup version 0.28-a0-500-g121bc3e445 (webtiles) character file.

Game seed: 12784648505947868084

1074 speeev33 the Poker (level 8, -11/71 HPs)
             Began as a Minotaur Gladiator on Sept 19, 2021.
             Killed from afar by Dowan (15 damage)
             ... with a stone arrow
             ... on level 5 of the Dungeon.
             The game lasted 00:07:29 (5010 turns).

speeev33 the Poker (Minotaur Gladiator)             Turns: 5010, Time: 00:07:30

Health: -11/71     AC: 10    Str: 20    XL:     8   Next: 7%
Magic:  7/7        EV:  8    Int: 11    God:
Gold:   77         SH:  0    Dex: 13    Spells: 7/7 levels left

rFire   . . .      SeeInvis .   a - +1 trident
rCold   . . .      Faith    .   (no shield)
rNeg    . . .      Spirit   .   s - +0 chain mail
rPois   .          Reflect  .   c - +0 hat
rElec   .          Harm     .   f - +1 cloak
rCorr   .          Rampage  .   (no gloves)
Will    .....                   (no boots)
Stlth   ..........              (no amulet)
HPRegen 0.21/turn               i - ring of flight
MPRegen 0.10/turn               k - +6 ring of intelligence

@: flying
A: horns 2, retaliatory headbutt
a: no special abilities


You were on level 5 of the Dungeon.
You visited 1 branch of the dungeon, and saw 5 of its levels.

You collected 77 gold pieces.

Inventory:

Hand Weapons
 a - a +1 trident (weapon)
 b - a +2 hunting sling of flaming
Missiles
 d - 2 throwing nets (quivered)
 h - 7 javelins
 n - 138 stones
Armour
 c - a +0 hat (worn)
 f - a +1 cloak (worn)
 s - a +0 chain mail (worn)
Jewellery
 i - a ring of flight (left hand)
 k - a +6 ring of intelligence (right hand)
Scrolls
 m - a scroll of teleportation
Potions
 e - 2 potions of degeneration {unknown}
 g - a potion of heal wounds {unknown}
 j - a potion of curing {unknown}
 l - a potion of attraction {unknown}
 o - a potion of might {unknown}
 p - 2 potions of flight {unknown}
 q - 2 potions of ambrosia {unknown}
 r - a potion of haste {unknown}


   Skills:
 + Level 6.9 Fighting
 + Level 7.4 Polearms
 + Level 5.8 Throwing
 - Level 3.2 Dodging


You had 7 spell levels left.
You didn't know any spells.
Your spell library was empty.

Dungeon Overview and Level Annotations

Branches:
Dungeon (5/15)
 Temple: D:4-7

Altars:
Yredelemnul

Annotations:
D:5 Dowan


Innate Abilities, Weirdness & Mutations

You have a pair of horns on your head.
You reflexively headbutt those who attack you in melee.


Message History

Duvessa says, "When magic and the sword combine, nothing stands against them."
Duvessa closely misses you.
Duvessa says, "My weaknesses are his strengths!"
Duvessa hits you with a +0 short sword. Duvessa barely misses you.
Duvessa hits you with a +0 short sword!
You hit Duvessa.
Duvessa is heavily wounded.
Duvessa hits you with a +0 short sword.
You hit Duvessa.
Duvessa is heavily wounded.
Duvessa hits you but does no damage. Duvessa hits you with a +0 short sword.
* * * LOW HITPOINT WARNING * * *
You hit Duvessa but do no damage. You headbutt Duvessa!
Duvessa is almost dead.
Duvessa closely misses you. You furiously retaliate!
You headbutt Duvessa, but do no damage. You hit Duvessa.
You kill Duvessa!
Dowan seems overcome with grief, but rights himself reflexively soon after.
Dowan seems to find hidden reserves of power!
You have reached level 8!
You feel agile.
Okay, then.
Sorry, you're not good enough to have a special ability.
Throw: 2 throwing nets
Press: ? - help, Q - select action, (/) - cycle Shift-Dir - straight line, f - Dowan
Aim: Dowan, wielding a +2 dagger of speed and wearing a +0 robe (fast, 51% to hit)
You throw a throwing net. The throwing net hits Dowan.
Dowan is caught in the net!
Dowan gestures wildly while chanting.
Dowan blinks!
Items here: ( ) [ †.
d - 2 throwing nets (gained 1) Dowan gestures at you while chanting.
The shard of ice hits you!
* * * LOW HITPOINT WARNING * * *
Dowan casts a spell at you. The stone arrow hits you!
You die...

.......#.........# ...#
.......#.........# ...#
..######.........# #..#
####...#....#'############..# .
...#...#....#...#......#....# ..
...#...#....'.>.'......#....# ...
...'...#....#...##.....#....#....
...#...#....######.....#....'....
...#...#....#...@§....##....#....
...#...#....#...##....##....# ...
...#...#....+... #..e.##....# ..
...#####....#### #..........# .
###.....####†....#..........#
#.....# .....#..........# #.....#
.....+..........# #.....#
.....############ ####### ######


You could see Dowan (fast).

Vanquished Creatures
  Pikel (D:4)
  Duvessa (D:5)
  A phantom (D:4)
  3 orc priests (D:3)
  A gnoll shaman (D:4)
  2 iguanas (D:5)
  An orc wizard (D:3)
  9 gnolls (D:4)
  4 adders
  An adder zombie (D:5)
  A worm (D:2)
  2 dart slugs (D:1)
  14 orcs
  4 endoplasms
  2 giant cockroaches
  13 goblins
  7 hobgoblins
  A kobold (D:2)
  5 quokkas
  A ball python (D:3)
  6 bats
  3 frilled lizards
  4 rats
87 creatures vanquished.

Notes
Turn   | Place    | Note
-------+----------+-------------------------------------------
     0 | D:1      | speeev33 the Minotaur Gladiator began the quest for the
                  | Orb.
     0 | D:1      | Reached XP level 1. HP: 18/18 MP: 0/0
   377 | D:1      | Reached XP level 2. HP: 25/25 MP: 1/1
   389 | D:1      | Found a faded altar of an unknown god.
   447 | D:1      | Reached skill level 4 in Polearms
  1183 | D:2      | Reached XP level 3. HP: 27/31 MP: 2/2
  1772 | D:2      | Reached XP level 4. HP: 34/39 MP: 3/3
  2286 | D:3      | Reached skill level 5 in Polearms
  2286 | D:3      | Reached XP level 5. HP: 42/46 MP: 4/4
  2865 | D:3      | Found a basalt altar of Yredelemnul.
  3276 | D:4      | Reached XP level 6. HP: 48/53 MP: 5/5
  3708 | D:4      | Reached skill level 5 in Fighting
  3897 | D:4      | Reached skill level 6 in Polearms
  4380 | D:4      | Noticed Pikel
  4395 | D:4      | Killed Pikel
  4396 | D:4      | Reached skill level 7 in Polearms
  4396 | D:4      | Reached skill level 5 in Throwing
  4396 | D:4      | Reached XP level 7. HP: 21/64 MP: 6/6
  4867 | D:5      | Entered Level 5 of the Dungeon
  4983 | D:5      | Noticed Duvessa
  4983 | D:5      | Noticed Dowan
  5006 | D:5      | Killed Duvessa
  5007 | D:5      | Reached XP level 8. HP: 19/71 MP: 7/7
  5010 | D:5      | Killed from afar by Dowan

Illustrated notes

Levels and vault maps discovered:
D:1:      heliophobic_arrival_glass_houses, layout_basic, basic_ecumenical_altar
D:2:      kennysheep_the_goblin_king, layout_loops_cross
D:3:      layout_basic, yredelemnul_altar_generic, kennysheep_minor_cross,
          kennysheep_generic_room_14
D:4:      layout_layer_cave, uniq_pikel
D:5:      layout_gridville, lightli_minifort, uniq_duvessa

Skill      XL: |  1  2  3  4  5  6 |
---------------+-------------------+-----
Polearms       | 4 5 7 |  7.4
Fighting       | 3 4 6 |  6.9
Throwing       | 3 4 5 |  5.8
Dodging        | |  3.2

Action                   |  1- 3 |  4- 6 |  7- 9 || total
-------------------------+-------+-------+-------++-------
Melee: Trident           |    86 |    21 |    23 ||   130
       Headbutt          |     6 |     5 |     4 ||    15
 Fire: Hunting sling     |     7 |   137 |       ||   144
Throw: Throwing net      |     2 |     1 |     1 ||     4
  Use: Scroll            |     5 |     1 |     1 ||     7
 Stab: Held in net/web   |       |     1 |       ||     1
Armor: Leather armour    |     7 |       |       ||     7
       Ring mail         |    12 |    20 |       ||    32
       Chain mail        |       |     5 |     7 ||    12
Dodge: Dodged            |    45 |    42 |     8 ||    95

Table legend: (Time is in decaauts)
 A = Elapsed time spent in this place.
 B = Non-inter-level travel time spent in this place.
 C = Inter-level travel time spent in this place.
 D = Time resting spent in this place.
 E = Time spent auto-exploring this place.
 F = Levels seen in this place.
 G = Mean time per level.
                   A        B        C        D        E       F      G
               +--------+--------+--------+--------+--------+-----+--------+
         Total |   5023 |   4806 |    217 |    516 |   3599 |   5 | 1004.6 |
       Dungeon |   5023 |   4806 |    217 |    516 |   3599 |   5 | 1004.6 |
               +--------+--------+--------+--------+--------+-----+--------+

Top non-repeatable levels by time:
     D:4: 1658 daAuts
     D:1: 1166 daAuts
     D:3: 1053 daAuts
     D:2: 1002 daAuts
     D:5: 141 daAuts
